 Dungeon Crawl Stone Soup version 0.31-a0-1074-g0b22e4e0f1 (webtiles) character file.

Game seed: 12566568127302447618

587 grandjackal the Trooper (level 7, -1/55 HPs)
             Began as a Demonspawn Gladiator on Nov 28, 2023.
             Slain by Duvessa
             ... wielding a +0 short sword of speed
              (10 damage)
             ... on level 4 of the Dungeon.
             The game lasted 00:04:43 (3276 turns).

grandjackal the Trooper (Demonspawn Gladiator)      Turns: 3276, Time: 00:04:44

Health: -1/55      AC:  6    Str: 15    XL:     7   Next: 15%
Magic:  7/7        EV: 13    Int:  9    God:
Gold:   128        SH:  0    Dex: 18    Spells: 6/6 levels left

rFire   . . .        v - +1 dagger (venom)
rCold   + . .        (no shield)
rNeg    + . .        n - +0 ring mail
rPois   .            c - +0 helmet
rElec   .            (no cloak)
rCorr   .            (no gloves)
SInv    .            (no boots)
Will    .....        (no amulet)
Stlth   ++           q - ring of positive energy
HPRegen 0.29/turn    s - ring of protection from cold
MPRegen 0.10/turn

%: no passive effects
@: no status effects
A: claws 1, thin skeletal structure 1, demonic guardian 1, demonic magic 1
a: no special abilities


You were on level 4 of the Dungeon.
You visited 1 branch of the dungeon, and saw 4 of its levels.

You collected 128 gold pieces.

Inventory:

Hand Weapons
 a - a +0 long sword
 v - a +1 dagger of venom (weapon)
Missiles
 d - 3 throwing nets
 e - a javelin
 f - 34 stones (quivered)
Armour
 c - a +0 helmet (worn)
 n - a +0 ring mail (worn)
Jewellery
 q - a ring of positive energy (left claw)
 s - a ring of protection from cold (right claw)
 x - a ring of fire
Wands
 w - a wand of iceblast (4)
Scrolls
 b - a scroll of immolation {unknown}
 g - 2 scrolls of poison {unknown}
 h - 2 scrolls of identify {unknown}
 i - a scroll of amnesia {unknown}
 j - a scroll of fear {unknown}
 k - a scroll of summoning {unknown}
 m - a scroll of teleportation {unknown}
 o - a scroll of blinking {unknown}
 p - a scroll of fog {unknown}
 t - a scroll of revelation {unknown}
 y - a scroll of acquirement {unknown}
 z - a scroll of torment {unknown}
Potions
 l - a potion of heal wounds {unknown}
 r - a potion of curing {unknown}
 u - a potion of enlightenment {unknown}


   Skills:
 + Level 4.8 Fighting
 - Level 3.3 Long Blades
 - Level 2.0 Throwing
 + Level 4.8 Dodging
 + Level 0.2 Stealth
 + Level 3.1 Unarmed Combat


You had 6 spell levels left.
You didn't know any spells.
Your spell library contained the following spells:

 Spells                   Type           Power      Damage    Failure   Level
 Tukima's Dance           Hex            0%         N/A       94%         3
 Passage of Golubria      Tloc           0%         N/A       100%        4
 Yara's Violent Unravell  Hex/Tmut       0%         3d3       100%        5


Dungeon Overview and Level Annotations

Branches:
Dungeon (4/15)
 Temple: D:4-7

Altars:
Ru

Shops:
D:1 (

Annotations:
D:4 Duvessa, Pikel


Innate Abilities, Weirdness & Mutations

You have sharp fingernails.
You have a somewhat thin skeletal structure. (Dex +2, Stealth+)
A weak demonic guardian rushes to your aid.
Spells you cast may paralyse adjacent enemies.


Message History

Natasha is severely wounded.
Natasha casts a spell at you. You resist with some effort.
You closely miss Natasha.
Natasha is severely wounded.
Natasha closely misses you.
You hit Natasha but do no damage.
Natasha looks as sick as possible!
Natasha is almost dead.
You kill Natasha!
Natasha screams in pain as she dies!
No target in view!
You see here the felid corpse of Natasha.
A ball python comes into view.
The ball python hisses angrily.
A ball python is nearby!
You hit the ball python.
The ball python is poisoned.
The ball python is moderately wounded.
You kill the ball python!
No target in view!
No target in view!
You see here a ball python corpse.
Duvessa, Sister of Dowan comes into view.
She is wielding a +0 short sword of speed.
Duvessa is nearby!
Duvessa goes berserk!
Duvessa hits you but does no damage.
Duvessa hits you with a +0 short sword of speed!
You closely miss Duvessa.
Duvessa hits you with a +0 short sword of speed!
Duvessa hits you with a +0 short sword of speed.
You barely miss Duvessa.
Duvessa hits you with a +0 short sword of speed! x2
You are too injured to fight recklessly!
Duvessa hits you with a +0 short sword of speed!
* * * LOW HITPOINT WARNING * * *
A demonic guardian appears!
Throw: 35 stones
Press: ? - help, Q - select action, (/) - cycle Shift-Dir - straight line, f - Duvessa
Aim: Duvessa, wielding a +0 short sword of speed and wearing a +0 ring mail (berserk, ally target, 69% to hit)
You throw a stone. The stone barely misses Duvessa.
Duvessa hits you with a +0 short sword of speed!
You die...

#....#.......##.#.###..#####...
#.##.........##....#...# #.##
#....................#.# #.#
#..#..#..###.##....#...# #)#
#...#..#.# #.##.#.###.)#####)#
#....#...###.##.#.###....[...#
#..#..#...............†....###
#...#..#.##.#e#######.####.#
##...#.....###@....##.# #.####
#.#..#.....#5####.##.. #.....
#..#..#...#.# #.#### ######
#...#...###.# #.# #.#..#..# #.#
#†# #..#..#.# #.# #.#####.#
#...#...# #.# #........
#.#..#.## #.#####.#######
#.†....# #.......#


You could see Duvessa (berserk, ally target) and a friendly ufetubus (summoned).

Vanquished Creatures
  2 black bears (D:4)
  3 lemures
  Dowan (D:4)
  2 hounds (D:4)
  Natasha (D:4)
  3 adders
  A worm (D:2)
  3 dart slugs (D:2)
  5 orcs
  8 ball pythons
  7 endoplasms
  7 goblins
  8 hobgoblins
  3 quokkas
  3 bats
  7 frilled lizards
  6 kobolds
  2 rats
72 creatures vanquished.

Vanquished Creatures (collateral kills)
  A black bear (D:3)
  A scorpion (D:4)
  A dart slug (D:4)
3 creatures vanquished.

Grand Total: 75 creatures vanquished

Notes
Turn   | Place    | Note
-------+----------+-------------------------------------------
     0 | D:1      | grandjackal the Demonspawn Gladiator began the quest for
                  | the Orb.
     0 | D:1      | Reached XP level 1. HP: 16/16 MP: 1/1
   290 | D:1      | Gained mutation: A weak demonic guardian rushes to your
                  | aid. [demonic ancestry]
   290 | D:1      | Reached XP level 2. HP: 21/22 MP: 2/2
   446 | D:1      | Found Jenywkef's Antique Weapon Shop.
   849 | D:2      | Reached XP level 3. HP: 8/28 MP: 3/3
   990 | D:2      | Found a sacrificial altar of Ru.
  1713 | D:3      | Gained mutation: You have sharp fingernails. [demonic
                  | ancestry]
  1713 | D:3      | Reached XP level 4. HP: 30/34 MP: 4/4
  1752 | D:3      | Found a sacrificial altar of Ru.
  2118 | D:3      | Identified the +1 robe of the Onion {-Tele rN++}
  2199 | D:3      | Found a faded altar of an unknown god.
  2415 | D:4      | Noticed a black bear
  2468 | D:4      | Noticed Pikel
  2468 | D:4      | Noticed a lemure
  2468 | D:4      | Noticed a lemure
  2468 | D:4      | Noticed a lemure
  2468 | D:4      | Noticed a lemure
  2468 | D:4      | Noticed a black bear
  2482 | D:3      | Killed a lemure
  2608 | D:4      | Noticed a scorpion
  2628 | D:4      | Killed a scorpion
  2629 | D:4      | Reached skill level 1 in Unarmed Combat
  2629 | D:4      | Reached XP level 5. HP: 7/41 MP: 5/5
  2880 | D:4      | Noticed Dowan
  2905 | D:4      | Killed a black bear
  2906 | D:4      | Gained mutation: You have a somewhat thin skeletal
                  | structure. (Dex +2, Stealth+) [demonic ancestry]
  2906 | D:4      | Reached XP level 6. HP: 28/48 MP: 6/6
  2921 | D:4      | Killed Dowan
  3224 | D:4      | Gained mutation: Spells you cast may paralyse adjacent
                  | enemies. [demonic ancestry]
  3224 | D:4      | Reached XP level 7. HP: 55/55 MP: 7/7
  3231 | D:4      | Noticed Natasha
  3237 | D:4      | Killed Natasha
  3271 | D:4      | Noticed Duvessa
  3276 | D:4      | Slain by Duvessa

Illustrated notes

Levels and vault maps discovered:
D:1:      heliophobic_arrival_henge, layout_loops_ring, serial_shops, shop,
          nicolae_kite_square_tiling_tiny
D:2:      layout_loops_ring, serial_glass, glass_columns_a, glass_columns_a,
          glass_columns_a, glass_columns_c, basic_altar
D:3:      kennysheep_six_static_rooms, layout_basic,
          mainiacjoe_overflow_concentric_impassable,
          dreamdust_ecumenical_altar_hidden_monk_grotto
D:4:      minmay_bubble_buster, layout_loops_ring, minmay_misc_feat_diagonals,
          uniq_duvessa, uniq_blork_the_orc, uniq_natasha, uniq_pikel

Skill      XL: |  1  2  3  4  5  6 |
---------------+-------------------+-----
Throwing       | 2 |  2.0
Dodging        | 3 4 |  4.8
Long Blades    | 3 |  3.3
Fighting       | 3 4 |  4.8
Unarmed Combat | 1 2 3 |  3.1
Stealth        | |  0.2

Action                     |  1- 3 |  4- 6 |  7- 9 || total
---------------------------+-------+-------+-------++-------
  Melee: Long sword        |   114 |    77 |       ||   191
         Punch             |     2 |     3 |       ||     5
         Dagger            |       |    62 |     7 ||    69
  Throw: Stone             |     9 |     4 |     1 ||    14
   Stab: Sleeping          |     1 |     1 |     1 ||     3
         Distracted        |     1 |       |       ||     1
 Armour: Leather armour    |    60 |     2 |       ||    62
         Ring mail         |       |   117 |     8 ||   125
  Dodge: Dodged            |    81 |   101 |     2 ||   184

Table legend: (Time is in decaauts)
 A = Elapsed time spent in this place.
 B = Non-inter-level travel time spent in this place.
 C = Inter-level travel time spent in this place.
 D = Time resting spent in this place.
 E = Time spent auto-exploring this place.
 F = Levels seen in this place.
 G = Mean time per level.
                   A        B        C        D        E       F      G
               +--------+--------+--------+--------+--------+-----+--------+
         Total |   3317 |   3123 |    194 |    615 |   1797 |   4 |  829.2 |
       Dungeon |   3317 |   3123 |    194 |    615 |   1797 |   4 |  829.2 |
               +--------+--------+--------+--------+--------+-----+--------+

Top non-repeatable levels by time:
     D:3: 1201 daAuts
     D:2: 989 daAuts
     D:1: 817 daAuts
     D:4: 310 daAuts
